 Dungeon Crawl Stone Soup version 0.26-a0-259-g1effd001a9 (webtiles) character file.

Game seed: 15718057442962159327

98 vurker the Sneak (level 4, -3/36 HPs)
             Began as a Demonspawn Brigand on July 17, 2020.
             Slain by Sigmund
             ... wielding a +0 scythe of protection
              (13 damage)
             ... on level 3 of the Dungeon.
             The game lasted 00:03:39 (2902 turns).

vurker the Sneak (Demonspawn Brigand)               Turns: 2902, Time: 00:03:39

Health: -3/36      AC:  8    Str: 12    XL:     4   Next: 44%
Magic:  0/4        EV:  8    Int: 12    God:
Gold:   119        SH:  3    Dex: 15    Spells: 3/3 levels left

rFire    . . .     SeeInvis .   a - +2 dagger
rCold    . . .     Faith    .   u - +0 buckler
rNeg     . . .     Spirit   +   m - +0 scale mail
rPois    .         Reflect  .   (helmet restricted)
rElec    .         Harm     .   c - +0 cloak
rCorr    .                      (no gloves)
MR       .....                  q - +0 pair of boots
Stlth    +.........             r - amulet of guardian spirit
HPRegen  0.12/turn              (no ring)
MPRegen  0.09/turn              (no ring)

@: no status effects
A: horns 2, magic shield
a: no special abilities


You were on level 3 of the Dungeon.
You were not hungry.

You visited 1 branch of the dungeon, and saw 3 of its levels.

You collected 119 gold pieces.

Inventory:

Hand Weapons
 a - a +2 dagger (weapon)
Missiles
 d - 28 poisoned darts (quivered)
 f - 2 curare-tipped darts
Armour
 c - a +0 cloak (worn)
 m - a +0 scale mail (worn)
   (You found it on level 1 of the Dungeon)
 q - a +0 pair of boots (worn)
   (You found it on level 2 of the Dungeon)
 u - a +0 buckler (worn)
   (You found it on level 3 of the Dungeon)
Jewellery
 r - an amulet of guardian spirit (around neck)
   (You found it on level 2 of the Dungeon)
Scrolls
 g - 3 scrolls of identify {unknown}
 k - a scroll of amnesia {unknown}
 l - a scroll of enchant armour {unknown}
 n - a scroll of fog {unknown}
 s - 2 scrolls of remove curse {unknown}
 t - a scroll of magic mapping {unknown}
Potions
 b - a potion of curing {unknown}
 h - a potion of cancellation {unknown}
 i - a potion of brilliance {unknown}
 j - 4 potions of heal wounds {unknown}
 o - a potion of mutation {unknown}
 p - a potion of invisibility
 v - a potion of flight {unknown}
 w - a potion of haste {unknown}
Comestibles
 e - 12 rations


   Skills:
 + Level 3.6 Fighting
 - Level 1.7 Short Blades
 + Level 3.2 Throwing
 - Level 0.8 Dodging
 - Level 3.6 Stealth


You had 3 spell levels left.
You didn't know any spells.
Your spell library was empty.

Dungeon Overview and Level Annotations

Branches:
Dungeon (3/15)

Altars:
Okawaru
Trog
Uskayaw
The Shining One

Annotations:
D:3 Sigmund


Innate Abilities, Weirdness & Mutations

You have a pair of horns on your head.
When hurt, damage is shared between your health and your magic reserves.


Message History

No target in view!
No target in view!
No target in view!
Things that are here:
a cursed -2 short sword; 4 stones
Found an escape hatch in the ceiling.
There is an escape hatch in the ceiling here.
Found 15 gold pieces.
You now have 119 gold pieces (gained 15).
There is a shaft here.
There is a shaft here.
Found a spear.
You see here a spear.
Sigmund the Dreaded comes into view.
He is wielding a +0 scythe of protection.
Sigmund shouts!
Sigmund casts a spell at you. The puff of flame hits you.
Sigmund hits you with a +0 scythe of protection.
You hit Sigmund but do no damage. You closely miss Sigmund.
You headbutt Sigmund. Sigmund misses you.
You hit Sigmund but do no damage. You headbutt Sigmund, but do no damage.
Sigmund hits you but does no damage.
You hit Sigmund. You hit Sigmund. You headbutt Sigmund!
Sigmund drinks a potion.
Sigmund seems to grow stronger.
You hit Sigmund but do no damage. Sigmund closely misses you.
You hit Sigmund but do no damage. You hit Sigmund but do no damage.
Sigmund hits you with a +0 scythe of protection!
Your scale mail prevents you from hitting Sigmund.
Sigmund barely misses you.
You hit Sigmund. You closely miss Sigmund.
Sigmund casts a spell.
Sigmund flickers and vanishes!
Deactivating autopickup; reactivate with Ctrl-A.
You miss something. You headbutt something. Something hits you!
* * * LOW HITPOINT WARNING * * *
You aren't carrying any items that you can evoke.
Unknown command.
You closely miss something. You hit something but do no damage.
You hear some strange, mumbled words.
A puff of flame appears from out of thin air!
The puff of flame hits you.
* * * LOW HITPOINT WARNING * * *
You hit something but do no damage. Something hits you!
You die...

.. #.### #.....#..
#. #...###
#.#####.. #.....
#.# #....
#.#..#####.# #.##.
#.#.....##.###.#..
#.#..##.##......#.
. #
#..).#......##..##
##
#.#.#.#.######.###.
# #....@......##...
#.#.{.#####.######
#.### #. #


There were no monsters in sight!

Vanquished Creatures
  Jessica (D:3)
  2 worms (D:2)
  3 dart slugs
  A leopard gecko (D:2)
  6 giant cockroaches
  5 hobgoblins
  6 jackals (D:1)
  A quokka (D:2)
  3 ball pythons
  6 bats
  2 frilled lizards
  5 goblins
  9 kobolds
  6 rats
56 creatures vanquished.

Notes
Turn   | Place    | Note
-------+----------+-------------------------------------------
     0 | D:1      | vurker the Demonspawn Brigand began the quest for the Orb.
     0 | D:1      | Reached XP level 1. HP: 16/16 MP: 1/1
   373 | D:1      | Gained mutation: When hurt, damage is shared between your
                  | health and your magic reserves. [demonic ancestry]
   373 | D:1      | Reached XP level 2. HP: 23/23 MP: 2/2
   871 | D:1      | Gained mutation: You have a pair of small horns on your
                  | head. [demonic ancestry]
   871 | D:1      | Reached XP level 3. HP: 21/28 MP: 1/3
  1796 | D:2      | Found an iron altar of Okawaru.
  2037 | D:2      | Found a bloodstained altar of Trog.
  2338 | D:2      | Gained mutation: You have a pair of horns on your head.
                  | [demonic ancestry]
  2338 | D:2      | Reached XP level 4. HP: 35/35 MP: 4/4
  2390 | D:3      | Noticed Jessica
  2391 | D:3      | Found a glowing golden altar of the Shining One.
  2405 | D:3      | Killed Jessica
  2541 | D:3      | Found a hide-covered altar of Uskayaw.
  2885 | D:3      | Noticed Sigmund
  2902 | D:3      | Slain by Sigmund

Illustrated notes

Levels and vault maps discovered:
D:1:      nzn_arrival_settlement, layout_loops_ring, minmay_tromino_v4_c
D:2:      layout_basic, marbit_many_paths, trog_book
D:3:      layout_basic, chequers_temple_overflow_statue_of_worship,
          uniq_sigmund, uniq_jessica

Skill      XL: |  1  2  3 |
---------------+----------+-----
Throwing       | 2 3 |  3.2
Fighting       | 3 |  3.6
Short Blades   | |  1.7
Dodging        | |  0.8
Stealth        | |  3.6

Action                   |  1- 3 |  4- 6 || total
-------------------------+-------+-------++-------
Melee: Dagger            |   158 |    37 ||   195
       Headbutt          |    12 |     7 ||    19
 Stab: Sleeping          |     7 |       ||     7
  Eat: Ration            |     2 |       ||     2
Armor: Robe              |    18 |       ||    18
       Scale mail        |    29 |     8 ||    37
Dodge: Dodged            |    75 |    10 ||    85
Block: Buckler           |       |     2 ||     2

Table legend:
 A = Non-vault XP
 B = Vault XP
 C = Vault XP percentage of total XP
 D = Non-vault monster count
 E = Vault monster count
 F = Vault count percentage of total count
                 A         B        C        D         E       F
            +---------+---------+-------+---------+---------+-------
      Total |      98 |      43 |  30.5 |      52 |       4 |   7.1
            +---------+---------+-------+---------+---------+-------
        D:1 |      50 |       4 |   7.4 |      29 |       2 |   6.5
        D:2 |      41 |       2 |   4.7 |      19 |       1 |   5.0
        D:3 |       7 |      37 |  84.1 |       4 |       1 |  20.0
            +---------+---------+-------+---------+---------+-------
